 Dungeon Crawl Stone Soup version 0.18.1-48-g4cf74bf (console) character file.

118 Kloppie the Skirmisher (level 4, 0/42 HPs)
             Began as a Minotaur Abyssal Knight on July 6, 2016.
             Was a Believer of Lugonu.
             Slain by a kobold (3 damage)
             ... on level 3 of the Dungeon.
             The game lasted 00:03:11 (1521 turns).

Kloppie the Skirmisher (Minotaur Abyssal Knight)    Turns: 1521, Time: 00:03:12

Health: 0/42       AC: 10    Str: 17    XL:     4   Next: 72%
Magic:  4/4        EV:  7    Int:  9    God:    Lugonu [**....]
Gold:   95         SH:  0    Dex: 10    Spells: 0 memorised, 3 levels left

rFire  . . .     SeeInvis .     a - +1 spear
rCold  . . .     Gourm    .     o - +0 chain mail
rNeg   . . .     Faith    .     (no shield)
rPois  .         Spirit   .     (helmet restricted)
rElec  .         Dismiss  .     q - +0 cloak
rCorr  .         Reflect  .     (no gloves)
SustAt .         Harm     .     (no boots)
MR     .....                    (no amulet)
Stlth  ..........               (no ring)
                                (no ring)

@: not resistant to hostile enchantments, extremely unstealthy
A: retaliatory headbutt, horns 2
a: Depart the Abyss, Bend Space, Renounce Religion


You were on level 3 of the Dungeon.
You worshipped Lugonu.
Lugonu was pleased with you.
You were not hungry.

You visited 1 branch of the dungeon, and saw 4 of its levels.
You visited the Abyss 1 time.

You collected 95 gold pieces.

Inventory:

Hand Weapons
 a - a +1 spear (weapon)
Armour
 o - a +0 chain mail (worn)
 q - a +0 cloak (worn)
Jewellery
 e - an uncursed ring of wizardry {unknown}
Scrolls
 d - 2 scrolls of identify
 g - a scroll of remove curse {unknown}
 h - a scroll of teleportation {unknown}
 j - a scroll of random uselessness {unknown}
 k - a scroll of recharging {unknown}
Potions
 m - a potion of lignification {unknown}
 n - a potion of beneficial mutation {unknown}
 p - a potion of degeneration {unknown}
Comestibles
 b - a chunk of flesh
 c - 2 bread rations
 f - a slice of pizza
 i - a beef jerky
 r - a meat ration


   Skills:
 + Level 5.0 Fighting
 + Level 3.7 Polearms
 + Level 3.9 Armour
 - Level 1.1 Dodging
 - Level 1.7 Invocations


You had 3 spell levels left.
You didn't know any spells.

Dungeon Overview and Level Annotations

Branches:
Dungeon (4/15)
 Temple: D:4-7

Altars:
Cheibriados
Dithmenos
Fedhas
Nemelex Xobeh
Sif Muna

Annotations:
D:3 ender666's ghost, amateur DrBe


Innate Abilities, Weirdness & Mutations

You reflexively headbutt those who attack you in melee.
You have a pair of horns on your head.


Message History

The centaur skeleton hits you but does no damage.
You hit the centaur skeleton.
The jackal bites you but does no damage.
The centaur skeleton hits you but does no damage.
The jackal bites you but does no damage. x2
The jackal bites you but does no damage.
The centaur skeleton barely misses you.
Some of the chunks of flesh in your inventory have rotted away.
The adder barely misses you. The centaur skeleton hits you.
* * * LOW HITPOINT WARNING * * *
The adder barely misses you.
There is a stone staircase leading up, spattered with blood here.
The adder bites you but does no damage.
The centaur skeleton hits you but does no damage.
You climb upwards.
Level annotation: ender666's ghost, amateur DrBe Ender666's ghost hits you!
* * * LOW HITPOINT WARNING * * *
The kobold hits you.
You die...

######## ##!.....##
##........############
#..........##.........
#..........##...(.....
#....@S....##.........
#....KW....#####..####
#..........# #..#
##........## #..#
##........## #..#
#..........# #..#
#..........#####.###
#..........#.......#
#..........#.......#


You could see ender666's ghost, an adder and a kobold.

Vanquished Creatures
  Terence (D:2)
  3 adders (D:2)
  2 oozes
  2 dart slugs (D:2)
  2 giant geckos
  An orc (D:2)
  7 giant cockroaches
  6 goblins
  6 hobgoblins
  3 jackals
  4 kobolds (D:1)
  A quokka (D:2)
  4 bats
  2 giant newts
  5 rats
49 creatures vanquished.

Notes
Turn   | Place    | Note
--------------------------------------------------------------
     0 | Abyss:1  | Kloppie the Minotaur Abyssal Knight began the quest for the Orb.
     0 | Abyss:1  | Reached XP level 1. HP: 19/19 MP: 1/1
    13 | D:1      | Escaped the Abyss
   216 | D:1      | Reached XP level 2. HP: 27/27 MP: 2/2
   231 | D:1      | Reached skill level 4 in Fighting
   568 | D:1      | Reached XP level 3. HP: 23/34 MP: 3/3
   587 | D:1      | Reached ** piety under Lugonu
   962 | D:2      | Noticed Terence
   972 | D:2      | Killed Terence
   972 | D:2      | Reached XP level 4. HP: 39/41 MP: 4/4
  1133 | D:2      | Found a shadowy altar of Dithmenos.
  1145 | D:2      | Found a blossoming altar of Fedhas.
  1150 | D:2      | Found a deep blue altar of Sif Muna.
  1152 | D:2      | Found a sparkling altar of Nemelex Xobeh.
  1155 | D:2      | Found a snail-covered altar of Cheibriados.
  1476 | D:3      | Noticed ender666's ghost (amateur DrBe)
  1501 | D:4      | Reached skill level 5 in Fighting
  1521 | D:3      | Slain by a kobold

Skill      XL: |  1  2  3  4 |
---------------+-------------+-----
Polearms       | 3 |  3.7
Fighting       | 4 5 |  5.0
Armour         | 3 |  3.9
Dodging        | |  1.1
Invocations    | |  1.7

Action                   |  1- 3 |  4- 6 || total
-------------------------+-------+-------++-------
Melee: Spear             |   111 |    41 ||   152
       Headbutt          |    11 |     5 ||    16
  Use: Scroll            |       |     1 ||     1
       Potion            |       |     1 ||     1
  Eat: Chunk             |       |     2 ||     2
Armor: Ring mail         |    25 |       ||    25
       Chain mail        |       |    44 ||    44
Dodge: Dodged            |    34 |    25 ||    59
